Match 31206287
Unlisted

Match 31206287
End
Construct Infanterie Kompanie
Grenadier Squad
Grenadier Squad
MG 42 Machine Gun Team
Grenadier Squad
Infanterie Officer Quarters
Construct Panzergrenadier Kompanie
Grenadier Squad
Selects Breakthrough Battlegroup
Selects Assault Grenadiers
Selects Smoke Bombing Run
Construct Panzergrenadier Kompanie
Selects Mechanized Assault Group
Pak 40 Anti-tank Gun Team
Mechanized Assault Group
Selects Rapid Production
Panzergrenadier Squad
Pak 40 Anti-tank Gun Team
Mechanized Assault Group
Pak 40 Anti-tank Gun Team
Pioneer Squad
Panzergrenadier Officer Quarters
Selects Blitzkrieg
Support Elements
StuG III G Assault Gun
Selects Tiger Heavy Tank
Cymon
ipbratik
Olg
rocketpossum
0
0

Comments sign in to comment!

No comments posted yet!